 Dungeon Crawl Stone Soup version 0.31-a0-1317-gdfb52cbc09 (webtiles) character file.

Game seed: 15717286272779315292

166 ketsa the Conjurer (level 5, 0/28 HPs)
             Began as a Deep Elf Conjurer on Dec 20, 2023.
             Slain by an orc
             ... wielding a +0 club
              (4 damage)
             ... on level 3 of the Dungeon.
             The game lasted 00:07:59 (3254 turns).

ketsa the Conjurer (Deep Elf Conjurer)              Turns: 3254, Time: 00:08:00

Health: 0/28       AC:  3    Str:  4    XL:     5   Next: 22%
Magic:  2/13       EV: 14    Int: 28    God:
Gold:   167        SH:  0    Dex: 19    Spells: 9/12 levels left

rFire   . . .        r - +3 mace of Oozing Pus {freeze, Int+3}
rCold   . . .        (no shield)
rNeg    . . .        v - +0 robe
rPois   .            (no helmet)
rElec   .            (no cloak)
rCorr   +            (no gloves)
SInv    .            q - +0 pair of boots
Will    .....        (no amulet)
Stlth   +++          e - +6 ring of dexterity
HPRegen 0.24/turn    g - ring of resist corrosion
MPRegen 0.13/turn

%: no passive effects
@: no status effects
A: no striking features
a: no special abilities


You were on level 3 of the Dungeon.
You visited 1 branch of the dungeon, and saw 4 of its levels.

You collected 167 gold pieces.

Inventory:

Hand Weapons
 i - a +0 short sword
 o - a +0 whip of draining
 r - the +3 mace of Oozing Pus (weapon) {freeze, Int+3}
   (You found it on level 3 of the Dungeon)

   Int+3:     It affects your intelligence (+3).
 u - a +3 dagger of speed
Missiles
 j - 6 boomerangs
Armour
 q - a +0 pair of boots (worn)
 s - a +0 helmet
 v - a +0 robe (worn)
Jewellery
 e - a +6 ring of dexterity (left hand)
 g - a ring of resist corrosion (right hand)
Talismans
 h - a granite talisman
Wands
 t - a wand of charming (9)
Scrolls
 a - a scroll of fog {unknown}
 d - 2 scrolls of teleportation {unknown}
 l - a scroll of identify {unknown}
 m - 2 scrolls of immolation {unknown}
Potions
 b - a potion of magic
 c - a potion of heal wounds {unknown}
 f - a potion of degeneration {unknown}
 k - a potion of ambrosia {unknown}
 n - a potion of haste {unknown}
 p - a potion of resistance {unknown}


   Skills:
 + Level 3.6 Dodging
 + Level 3.7 Stealth
 + Level 4.1 Spellcasting
 * Level 5.5 Conjurations
 + Level 1.0 Evocations


You had 9 spell levels left.
You knew the following spells:

 Your Spells              Type           Power      Damage    Failure   Level
a - Magic Dart            Conj           100%       1d8       1%          1
b - Searing Ray           Conj           74%        2d7       1%          2

Your spell library contained the following spells:

 Spells                   Type           Power      Damage    Failure   Level
 Dazzling Flash           Conj/Hex       42%        N/A       7%          3
 Volatile Blastmotes      Fire/Tloc      10%        2d10      22%         3
 Fulminant Prism          Conj/Alch      10%        3d9       22%         4
 Iskenderun's Mystic Bla  Conj/Tloc      21%        2d6       22%         4
 Starburst                Conj/Fire      10%        6d5       98%         6
 Maxwell's Capacitive Co  Air            2%         ∞         100%        8


Dungeon Overview and Level Annotations

Branches:
Dungeon (4/15)
 Temple: D:4-7

Altars:
Okawaru
Wu Jian
Yredelemnul


Message History

The orc misses you. The orc hits you with a +0 falchion.
The orc hits you with a +0 club.
The orc priest miscasts a cantrip.
Casting: Magic Dart (safe; 1% risk of failure)
Confirm with . or Enter, or press ? or * to list all spells.
Aiming: Magic Dart (safe; 1% risk of failure)
Press: ? - help, Shift-Dir - straight line, f/p - orc
Aim: an orc, wielding a +0 club and wearing a +0 leather armour (heavily wounded, 100% to hit)
The magic dart hits the orc.
The orc is almost dead.
The orc hits you with a +0 club. The orc hits you with a +0 falchion.
The orc hits you with a +0 club.
* * * LOW HITPOINT WARNING * * *
Casting: Magic Dart (safe; 1% risk of failure)
Confirm with . or Enter, or press ? or * to list all spells.
Aiming: Magic Dart (safe; 1% risk of failure)
Press: ? - help, Shift-Dir - straight line, f/p - orc
Aim: an orc, wielding a +0 club and wearing a +0 leather armour (almost dead, 100% to hit)
The magic dart hits the orc.
You kill the orc!
The orc barely misses you. The orc hits you with a +0 falchion.
* * * LOW HITPOINT WARNING * * *
Casting: Magic Dart (safe; 1% risk of failure)
Confirm with . or Enter, or press ? or * to list all spells.
You don't have enough magic to cast this spell.
The orc attacks as it pursues you! The orc hits you but does no damage.
The orc attacks as it pursues you! The orc hits you with a +0 club.
* * * LOW HITPOINT WARNING * * *
The orc attacks as it pursues you! The orc hits you with a +0 club.
* * * LOW HITPOINT WARNING * * *
There is a stone staircase leading up here.
The orc hits you with a +0 club.
* * * LOW HITPOINT WARNING * * *
You climb upwards.
There is a stone staircase leading down here.
You closely miss the orc. The orc barely misses you.
You hit the orc. You freeze the orc.
The orc is moderately wounded.
The orc hits you with a +0 club.
You die...

#.#.# #...# #.# ####'#.#
##'## #.# #......# #.# #.#
#......#####.# #.#
#..).........########.#
#..............).......
#......##..)..........#
####'#.##.##(.........#
###.#@o.......######..
#...)....##.#.# #.)
#.###.##.##.#.# #.. ### #.#
#.##.##.#.######.. ##.# ###
##................ #..# ##_#
#..###......<.#.. #..# 8...8
##.######..####.. #..##.....
#............##..
#..#_....._#..#######...##..


You could see an orc.

Vanquished Creatures
  Jessica (D:3)
  Terence (D:3)
  3 gnolls (D:3)
  2 adders
  2 worms (D:2)
  A dart slug (D:1)
  6 orcs
  2 ball pythons (D:1)
  3 endoplasms
  3 giant cockroaches
  10 goblins
  3 hobgoblins (D:1)
  2 jackals (D:3)
  4 bats
  3 frilled lizards
  6 kobolds
  4 rats
56 creatures vanquished.

Notes
Turn   | Place    | Note
-------+----------+-------------------------------------------
     0 | D:1      | ketsa the Deep Elf Conjurer began the quest for the Orb.
     0 | D:1      | Reached XP level 1. HP: 10/10 MP: 6/6
   332 | D:1      | Reached XP level 2. HP: 15/15 MP: 5/8
  1482 | D:2      | Reached XP level 3. HP: 19/19 MP: 5/9
  1641 | D:2      | Reached skill level 5 in Conjurations
  1844 | D:2      | Learned a level 2 spell: Searing Ray
  2183 | D:3      | Identified the +3 mace of Oozing Pus {freeze, Int+3}
  2304 | D:3      | Noticed Jessica
  2309 | D:3      | Killed Jessica
  2310 | D:3      | Reached XP level 4. HP: 24/24 MP: 7/11
  2392 | D:3      | Found a faded altar of an unknown god.
  2579 | D:3      | Noticed Terence
  2590 | D:3      | Killed Terence
  2591 | D:3      | Reached XP level 5. HP: 28/28 MP: 6/13
  2727 | D:3      | Found an ornate altar of the Wu Jian Council.
  2727 | D:3      | Found a basalt altar of Yredelemnul.
  2732 | D:3      | Found an iron altar of Okawaru.
  2875 | D:3      | Reached skill level 1 in Evocations
  3254 | D:3      | Slain by an orc

Illustrated notes

Levels and vault maps discovered:
D:1:      dpeg_arrival_connections, layout_basic,
          chequers_serial_rivers_micro_c, grunt_decor_arrowhead,
          nicolae_hexahallways, chequers_jeans, minmay_door_square
D:2:      layout_rooms
D:3:      layout_basic, nicolae_overflow_hidden_temple,
          ebering_ecumenical_altar_sacrificial, uniq_jessica, uniq_terence
D:4:      layout_gridville, serial_rivers, chequers_serial_rivers_small_b,
          chequers_serial_rivers_large_b, chequers_serial_rivers_room_b,
          chequers_serial_rivers_small_3, chequers_serial_rivers_small_b,
          chequers_serial_rivers_small_a

Skill      XL: |  1  2  3  4  5 |
---------------+----------------+-----
Stealth        | 3 |  3.7
Dodging        | 3 |  3.6
Conjurations   | 5 |  5.5
Spellcasting   | 4 |  4.1
Evocations     | 1 |  1.0

Action                     |  1- 3 |  4- 6 || total
---------------------------+-------+-------++-------
  Melee: Mace              |       |     2 ||     2
   Cast: Magic Dart        |    81 |    45 ||   126
 Armour: Robe              |     1 |    14 ||    15
  Dodge: Dodged            |     2 |     8 ||    10

Table legend: (Time is in decaauts)
 A = Elapsed time spent in this place.
 B = Non-inter-level travel time spent in this place.
 C = Inter-level travel time spent in this place.
 D = Time resting spent in this place.
 E = Time spent auto-exploring this place.
 F = Levels seen in this place.
 G = Mean time per level.
                   A        B        C        D        E       F      G
               +--------+--------+--------+--------+--------+-----+--------+
         Total |   3253 |   3006 |    247 |    313 |   2256 |   4 |  813.2 |
       Dungeon |   3253 |   3006 |    247 |    313 |   2256 |   4 |  813.2 |
               +--------+--------+--------+--------+--------+-----+--------+

Top non-repeatable levels by time:
     D:1: 1297 daAuts
     D:3: 1153 daAuts
     D:2: 771 daAuts
     D:4: 30 daAuts
